RES
CARINGBAH ACES @ ROCKDALE CRUSHERS
05/31/2022
 
TOP OF THE 1ST
Caringbah Aces batting - Pitching for Rockdale Crushers : LHP Darren Durnford
Pitching: LHP Darren Durnford
Batting: LHB Jeff Throsby 0-0: Called Strike
0-1: Swinging Strike
0-2: Strikes out swinging
Batting: LHB Steve Kinghorn 0-0: Called Strike
0-1: Called Strike
0-2: Strikes out swinging
Batting: RHB Toby Bailey 0-0: SINGLE (Line Drive, 4D, EV 98.1 MPH)
Batting: RHB O.P. Coggan 0-0: Called Strike
0-1: Ball
1-1: Foul Ball, location: 9LSF
1-2: Ball
2-2: Ground out 4-3 (Groundball, 4MD, EV 105.6 MPH)
Top of the 1st over - 0 runs, 1 hit, 0 errors, 1 left on base; Caringbah 0 - Rockdale 0
BOTTOM OF THE 1ST
Rockdale Crushers batting - Pitching for Caringbah Aces : RHP Jamie Dryden
Pitching: RHP Jamie Dryden
Batting: RHB Justin Borrett 0-0: Called Strike
0-1: Ball
1-1: Ball
2-1: Ground out 6-3 (Groundball, 56, EV 84.4 MPH)
Batting: RHB Brad Silk 0-0: Called Strike
0-1: Swinging Strike
0-2: Ground out 3-1 (Groundball, 34S, EV 60.6 MPH)
Batting: RHB J.J. Jones 0-0: Ball
1-0: Called Strike
1-1: Foul Ball, location: 5SF
1-2: Ball
2-2: Foul Ball, location: 3SF
2-2: Foul Ball, location: 9LMF
2-2: Ball
3-2: Fly out, F6 (Popup, 6S, EV 69.4 MPH)
Bottom of the 1st over - 0 runs, 0 hits, 0 errors, 0 left on base; Caringbah 0 - Rockdale 0
TOP OF THE 2ND
Caringbah Aces batting - Pitching for Rockdale Crushers : LHP Darren Durnford
Batting: LHB Michael Yaag 0-0: Called Strike
0-1: Ball
1-1: Foul Ball, location: 9LMF
1-2: Foul Ball, location: 2F
1-2: Ball
2-2: Foul Ball, location: 7LMF
2-2: Ball
3-2: Strikes out swinging
Batting: RHB Chris Roarty 0-0: Ball
1-0: SINGLE (Groundball, 4MS, EV 66.3 MPH) (infield hit)
Batting: RHB Mo Cockerill 0-0: Foul Ball, location: 5FF
0-1: SINGLE (Line Drive, 8RS, EV 87.5 MPH)
Chris Roarty to second
Batting: SHB Danny Sandbach 0-0: Foul Ball, location: 3FF
0-1: Swinging Strike
0-2: Foul Ball, location: 9LDF
0-2: Ball
1-2: Fly out, F8 (Flyball, 89S, EV 83.8 MPH)
Batting: RHB Farris Pluckrose 0-0: SINGLE (Flyball, 5D, EV 96.3 MPH)
Chris Roarty to third
Mo Cockerill to second
Throwing error, E7
Chris Roarty scores
Mo Cockerill to third
Farris Pluckrose to second
Batting: LHB Jeff Throsby 0-0: Foul Ball, location: 2RF
0-1: Ball
1-1: Swinging Strike
1-2: Ball
2-2: Foul Ball, location: 7LDF
2-2: Foul Ball, location: 2RF
2-2: Strikes out swinging
Top of the 2nd over - 1 run, 3 hits, 1 error, 2 left on base; Caringbah 1 - Rockdale 0
BOTTOM OF THE 2ND
Rockdale Crushers batting - Pitching for Caringbah Aces : RHP Jamie Dryden
Batting: SHB Mark Kinsley 0-0: Called Strike
0-1: Called Strike
0-2: Strikes out swinging
Batting: RHB Jerod Quarles 0-0: Ball
1-0: Foul Ball, location: 9LDF
1-1: Foul Ball, location: 5F
1-2: Fly out, F8 (Flyball, 8LM, EV 85.6 MPH)
Batting: SHB Johnny Knight 0-0: Swinging Strike
0-1: Ball
1-1: Called Strike
1-2: Strikes out swinging
Bottom of the 2nd over - 0 runs, 0 hits, 0 errors, 0 left on base; Caringbah 1 - Rockdale 0
TOP OF THE 3RD
Caringbah Aces batting - Pitching for Rockdale Crushers : LHP Darren Durnford
Pitching: RHP Michael Bebbington
Batting: LHB Steve Kinghorn 0-0: Called Strike
0-1: Called Strike
0-2: Ball
1-2: Strikes out looking
Batting: RHB Toby Bailey 0-0: Swinging Strike
0-1: Ball
1-1: Foul Ball, location: 7LSF
1-2: Ball
2-2: Foul Ball, location: 7LMFF
2-2: Foul Ball, location: 23F
2-2: Strikes out swinging
Batting: RHB O.P. Coggan 0-0: Ball
1-0: Ground out 6-3 (Groundball, 6M, EV 99.4 MPH)
Top of the 3rd over - 0 runs, 0 hits, 0 errors, 0 left on base; Caringbah 1 - Rockdale 0
BOTTOM OF THE 3RD
Rockdale Crushers batting - Pitching for Caringbah Aces : RHP Jamie Dryden
Batting: RHB Mat Bridgman 0-0: Called Strike
0-1: Ball
1-1: Called Strike
1-2: Strikes out swinging
Batting: SHB Quincy Provan 0-0: Ball
1-0: Called Strike
1-1: Ball
2-1: Ground out 4-3 (Groundball, 4, EV 105.6 MPH)
Batting: RHB Jim Unknown 0-0: Ball
1-0: Called Strike
1-1: Ball
2-1: SINGLE (Groundball, 4MD, EV 99.4 MPH)
Batting: RHB Justin Borrett 0-0: Ball
1-0: Foul Ball, location: 5DF
1-1: Fly out, F8 (Flyball, 8RXD, EV 96.9 MPH)
Bottom of the 3rd over - 0 runs, 1 hit, 0 errors, 1 left on base; Caringbah 1 - Rockdale 0
TOP OF THE 4TH
Caringbah Aces batting - Pitching for Rockdale Crushers : RHP Michael Bebbington
Batting: LHB Michael Yaag 0-0: Ball
1-0: Foul Ball, location: 2F
1-1: Ball
2-1: SINGLE (Groundball, 56S, EV 76.9 MPH) (infield hit)
Batting: RHB Chris Roarty 0-0: Sac Bunt to 2R - play at first, batter OUT! 2-3
Michael Yaag to second
Batting: RHB Mo Cockerill 0-0: Foul Ball, location: 25FF
0-1: Ball
1-1: Swinging Strike
1-2: Ground out 5-3 (Groundball, 5L, EV 80.6 MPH)
Batting: SHB Danny Sandbach 0-0: Ball
1-0: Called Strike
1-1: DOUBLE (Line Drive, 7LS, EV 90.6 MPH)
Michael Yaag scores
Batting: RHB Farris Pluckrose 0-0: Foul Ball, location: 2F
0-1: Foul Ball, location: 2LF
0-2: Foul Ball, location: 2F
0-2: Ball
1-2: Ball
2-2: Ball
3-2: Foul Ball, location: 3DF
3-2: Ground out 4-3 (Groundball, 34, EV 101.3 MPH)
Top of the 4th over - 1 run, 2 hits, 0 errors, 1 left on base; Caringbah 2 - Rockdale 0
BOTTOM OF THE 4TH
Rockdale Crushers batting - Pitching for Caringbah Aces : RHP Jamie Dryden
Batting: RHB Brad Silk 0-0: Ball
1-0: Called Strike
1-1: Fly out, F6 (Line Drive, 6, EV 68.1 MPH)
Batting: RHB J.J. Jones 0-0: Foul Ball, location: 23FF
0-1: Swinging Strike
0-2: Foul Ball, location: 25F
0-2: Fly out, F9 (Flyball, 9S, EV 87.5 MPH)
Batting: SHB Mark Kinsley 0-0: DOUBLE (Flyball, 78XD, EV 111.3 MPH)
Batting: RHB Jerod Quarles 0-0: Ground out 5-3 (Groundball, 5S, EV 70.0 MPH)
Bottom of the 4th over - 0 runs, 1 hit, 0 errors, 1 left on base; Caringbah 2 - Rockdale 0
TOP OF THE 5TH
Caringbah Aces batting - Pitching for Rockdale Crushers : RHP Michael Bebbington
Batting: LHB Jeff Throsby 0-0: Ball
1-0: Foul Ball, location: 23FF
1-1: Called Strike
1-2: Foul Ball, location: 2F
1-2: Strikes out swinging
Pitching: LHP Mark Esmond
Batting: LHB Steve Kinghorn 0-0: Called Strike
0-1: Called Strike
0-2: Foul Ball, location: 2F
0-2: Foul Ball, location: 2F
0-2: Ball
1-2: Strikes out swinging
Batting: RHB Toby Bailey 0-0: Called Strike
0-1: Swinging Strike
0-2: Ball
1-2: Ball
2-2: Ball
3-2: Foul Ball, location: 9LMF
3-2: SOLO HOME RUN (Flyball, 7D, EV 98.1 MPH), Distance : 390 ft
Batting: RHB O.P. Coggan 0-0: Ball
1-0: SOLO HOME RUN (Flyball, 78XD, EV 112.5 MPH), Distance : 474 ft
Batting: LHB Michael Yaag 0-0: Ball
1-0: Called Strike
1-1: Called Strike
1-2: Strikes out swinging
Top of the 5th over - 2 runs, 2 hits, 0 errors, 0 left on base; Caringbah 4 - Rockdale 0
BOTTOM OF THE 5TH
Rockdale Crushers batting - Pitching for Caringbah Aces : RHP Jamie Dryden
Batting: SHB Johnny Knight 0-0: Ball
1-0: Ball
2-0: Ball
3-0: Called Strike
3-1: Called Strike
3-2: Ground out 6-3 (Groundball, 6M, EV 80.6 MPH)
Batting: RHB Mat Bridgman 0-0: Foul Ball, location: 7LMF
0-1: Swinging Strike
0-2: Ball
1-2: Ground out 6-3 (Groundball, 6, EV 86.9 MPH)
Batting: SHB Quincy Provan 0-0: Ball
1-0: Foul Ball, location: 23FF
1-1: Fly out, F5 (Popup, 6S, EV 81.9 MPH)
Bottom of the 5th over - 0 runs, 0 hits, 0 errors, 0 left on base; Caringbah 4 - Rockdale 0
TOP OF THE 6TH
Caringbah Aces batting - Pitching for Rockdale Crushers : LHP Mark Esmond
Batting: RHB Chris Roarty 0-0: Ball
1-0: Called Strike
1-1: Called Strike
1-2: Ball
2-2: Foul Ball, location: 5F
2-2: Strikes out looking
Batting: RHB Mo Cockerill 0-0: Ball
1-0: Ball
2-0: Foul Ball, location: 2F
2-1: Called Strike
2-2: Ball
3-2: Ground out 4-3 (Groundball, 34D, EV 98.8 MPH)
Batting: SHB Danny Sandbach 0-0: Ball
1-0: Called Strike
1-1: Called Strike
1-2: Foul Ball, location: 5FF
1-2: Strikes out looking
Top of the 6th over - 0 runs, 0 hits, 0 errors, 0 left on base; Caringbah 4 - Rockdale 0
BOTTOM OF THE 6TH
Rockdale Crushers batting - Pitching for Caringbah Aces : RHP Jamie Dryden
Batting: RHB Jim Unknown 0-0: Ball
1-0: Called Strike
1-1: Called Strike
1-2: Strikes out swinging
Batting: RHB Justin Borrett 0-0: Ball
1-0: Foul Ball, location: 3FF
1-1: Fly out, F7 (Line Drive, 7LM, EV 95.0 MPH)
Batting: RHB Brad Silk 0-0: Ball
1-0: Foul Ball, location: 7LSF
1-1: Ground out 6-3 (Groundball, 56D, EV 103.8 MPH)
Bottom of the 6th over - 0 runs, 0 hits, 0 errors, 0 left on base; Caringbah 4 - Rockdale 0
TOP OF THE 7TH
Caringbah Aces batting - Pitching for Rockdale Crushers : LHP Mark Esmond
Batting: RHB Farris Pluckrose 0-0: Fly out, F3 (Popup, 3S, EV 76.3 MPH)
Batting: LHB Jeff Throsby 0-0: Swinging Strike
0-1: Foul Ball, location: 2F
0-2: SOLO HOME RUN (Flyball, 89XD, EV 111.3 MPH), Distance : 433 ft
Batting: LHB Steve Kinghorn 0-0: Ball
1-0: Called Strike
1-1: Foul Ball, location: 2F
1-2: Strikes out swinging
Batting: RHB Toby Bailey 0-0: Swinging Strike
0-1: Called Strike
0-2: Foul Ball, location: 3F
0-2: Ball
1-2: Ball
2-2: Ball
3-2: Strikes out swinging
Top of the 7th over - 1 run, 1 hit, 0 errors, 0 left on base; Caringbah 5 - Rockdale 0
BOTTOM OF THE 7TH
Rockdale Crushers batting - Pitching for Caringbah Aces : RHP Jamie Dryden
Batting: RHB J.J. Jones 0-0: SINGLE (Flyball, 9LS, EV 90.0 MPH)
Batting: SHB Mark Kinsley 0-0: Ball
1-0: Grounds into double play, 1-4-3 (Groundball, 15, EV 66.9 MPH)
Batting: RHB Jerod Quarles 0-0: Called Strike
0-1: Called Strike
0-2: Ball
1-2: Foul Ball, location: 2F
1-2: Foul Ball, location: 9LSF
1-2: Ball
2-2: Fly out, F9 (Flyball, 9S, EV 95.0 MPH)
Bottom of the 7th over - 0 runs, 1 hit, 0 errors, 0 left on base; Caringbah 5 - Rockdale 0
TOP OF THE 8TH
Caringbah Aces batting - Pitching for Rockdale Crushers : LHP Mark Esmond
Batting: RHB O.P. Coggan 0-0: Ground out 5-3 (Groundball, 5L, EV 78.8 MPH)
Batting: LHB Michael Yaag 0-0: Ball
1-0: Called Strike
1-1: Ground out 6-3 (Groundball, 6, EV 78.1 MPH)
Batting: RHB Chris Roarty 0-0: Ball
1-0: Foul Ball, location: 7LSF
1-1: Ball
2-1: Foul Ball, location: 23FF
2-2: Strikes out swinging
Top of the 8th over - 0 runs, 0 hits, 0 errors, 0 left on base; Caringbah 5 - Rockdale 0
BOTTOM OF THE 8TH
Rockdale Crushers batting - Pitching for Caringbah Aces : RHP Jamie Dryden
Batting: SHB Johnny Knight 0-0: Foul Ball, location: 23F
0-1: Foul Ball, location: 5FF
0-2: Ball
1-2: Ball
2-2: Ball
3-2: Ground out 5-3 (Groundball, 5L, EV 88.1 MPH)
Batting: RHB Mat Bridgman 0-0: Swinging Strike
0-1: Ball
1-1: Foul Ball, location: 2F
1-2: Fly out, F8 (Flyball, 78D, EV 96.9 MPH)
Pitching: RHP David Dwennon
Batting: SHB Quincy Provan 0-0: Called Strike
0-1: Ball
1-1: Foul Ball, location: 5FF
1-2: Foul Ball, location: 2LF
1-2: SINGLE (Flyball, 8RS, EV 92.5 MPH)
Batting: LHB Steve Smith 0-0: Ball
1-0: Ball
2-0: Called Strike
2-1: Fly out, F6 (Line Drive, 6, EV 71.3 MPH)
Bottom of the 8th over - 0 runs, 1 hit, 0 errors, 1 left on base; Caringbah 5 - Rockdale 0
TOP OF THE 9TH
Caringbah Aces batting - Pitching for Rockdale Crushers : LHP Mark Esmond
Batting: RHB Mo Cockerill 0-0: Ball
1-0: Ball
2-0: Foul Ball, location: 2F
2-1: Called Strike
2-2: Ball
3-2: Foul Ball, location: 23F
3-2: Foul Ball, location: 2F
3-2: Strikes out swinging
Pinch Hitting: RHB Michael Draycott 0-0: Foul Ball, location: 2F
0-1: Called Strike
0-2: Foul Ball, location: 25F
0-2: Fly out, F8 (Flyball, 8LM, EV 90.0 MPH)
Pitching: RHP Michael Goodship
Batting: RHB Farris Pluckrose 0-0: Ball
1-0: Swinging Strike
1-1: Ball
2-1: Ball
3-1: Called Strike
3-2: Strikes out swinging
Top of the 9th over - 0 runs, 0 hits, 0 errors, 0 left on base; Caringbah 5 - Rockdale 0
BOTTOM OF THE 9TH
Rockdale Crushers batting - Pitching for Caringbah Aces : RHP David Dwennon
Now at SS: Jersey Rosbottom
Batting: RHB Justin Borrett 0-0: Called Strike
0-1: Swinging Strike
0-2: Foul Ball, location: 7LMF
0-2: Ball
1-2: Ground out 6-3 (Groundball, 6, EV 86.3 MPH)
Batting: RHB Brad Silk 0-0: Ball
1-0: Called Strike
1-1: Swinging Strike
1-2: Foul Ball, location: 25FF
1-2: Ball
2-2: Foul Ball, location: 3DF
2-2: Ball
3-2: Base on Balls
Batting: RHB J.J. Jones 0-0: Swinging Strike
0-1: Ball
1-1: Fly out, F5 (Popup, 5SF, EV 68.1 MPH)
Batting: SHB Mark Kinsley 0-0: Called Strike
0-1: Called Strike
0-2: Foul Ball, location: 2F
0-2: Ball
1-2: Foul Ball, location: 25FF
1-2: Ball
2-2: Ball
3-2: Fly out, F7 (Line Drive, 7S, EV 107.5 MPH)
Bottom of the 9th over - 0 runs, 0 hits, 0 errors, 1 left on base; Caringbah 5 - Rockdale 0
Sunday, May 5th , 2024 - OOTP Baseball 24.9 Build 80